 Dungeon Crawl Stone Soup version 0.18.1-48-g4cf74bf (webtiles) character file.

18463 Charly the Carver (level 12, -4/84 (85) HPs)
             Began as a Halfling Fighter on Aug 27, 2016.
             Was an Initiate of Gozag.
             Slain by a boulder beetle (33 damage)
             ... on level 3 of the Lair of Beasts.
             The game lasted 02:15:42 (9905 turns).

Charly the Carver (Halfling Fighter)                Turns: 9905, Time: 02:15:43

HP:   -4/84 (85)    AC: 15    Str: 20    XL:     12   Next: 95%
MP:   17/17         EV: 17    Int: 12    God:    Gozag
Gold: 610           SH: 11    Dex: 19    Spells: 0 memorised, 11 levels left

rFire  . . .     SeeInvis .     a - +2 scimitar
rCold  . . .     Gourm    .     L - +1 troll leather armour of the Dwarven Hall {Regen+ Int+5}
rNeg   . . .     Faith    .     c - +0 shield
rPois  .         Spirit   .     (no helmet)
rElec  .         Dismiss  .     C - +0 cloak
rCorr  +         Reflect  .     v - +1 pair of gloves {archery}
SustAt .         Harm     .     k - +1 pair of boots
MR     .....                    R - amulet of rage
Stlth  ++........               B - +4 ring of protection
                                q - ring "Sommuack" {rCorr Str+4}

@: lethally poisoned (-4 -> -4), exhausted, gold aura, slowed, very slow, not
resistant to hostile enchantments, unstealthy
A: mutation resistance 1
a: Potion Petition, Call Merchant, Bribe Branch, Renounce Religion, Evoke
Berserk Rage


You were on level 3 of the Lair of Beasts.
You worshipped Gozag.
Gozag was noncommittal.
You were not hungry.

You visited 4 branches of the dungeon, and saw 18 of its levels.
You also visited: Labyrinth and Ice Cave.

You collected 2467 gold pieces.
You spent 1257 gold pieces at shops.
You paid 600 gold pieces to Gozag.

Inventory:

Hand Weapons
 a - a +2 scimitar (weapon)
 b - a +0 blowgun
 G - a +0 dagger of distortion
Missiles
 F - 11 curare-tipped needles
Armour
 c - a +0 shield (worn)
 k - a +1 pair of boots (worn)
 v - a +1 pair of gloves of archery (worn)
 C - a +0 cloak (worn)
 L - the +1 troll leather armour of the Dwarven Hall (worn) {Regen+ Int+5}
   (You bought it in a shop on level 1 of the Lair of Beasts)

   It affects your intelligence (+5).
   It increases your rate of regeneration.
 N - the +5 scale mail "Ymyocroh" {rF+}
   (You bought it in a shop on level 1 of the Lair of Beasts)

   It protects you from fire.
Jewellery
 m - an uncursed ring of protection from magic
 p - an uncursed ring of poison resistance
 q - the ring "Sommuack" (left hand) {rCorr Str+4}
   (You found it in a labyrinth)

   [ring of resist corrosion]

   It affects your strength (+4).
 w - an uncursed ring of wizardry
 B - a +4 ring of protection (right hand)
 D - an uncursed amulet of dismissal
 R - an amulet of rage (around neck)
Wands
 y - a wand of teleportation (1/9)
 H - a wand of random effects (11/48)
 J - a wand of digging (14/24)
Scrolls
 j - 2 scrolls of remove curse
 l - a scroll of magic mapping
 o - a scroll of teleportation
 s - a scroll of fear
 u - 2 scrolls of enchant armour
 K - a scroll of fog
Potions
 g - a potion of brilliance
 h - a potion of cancellation
 i - a potion of degeneration {unknown}
 n - a potion of curing {unknown}
 r - 2 potions of lignification
 t - a potion of haste
 z - a potion of magic {unknown}
Books
 e - a book of Frost

   Spells                             Type                      Level
   a - Freeze                         Ice                          1
   b - Throw Frost                    Conjuration/Ice              2
   c - Ozocubu's Armour               Charms/Ice                   3
   d - Throw Icicle                   Conjuration/Ice              4
   e - Summon Ice Beast               Ice/Summoning                4
 f - a book of the Sky

   Spells                             Type                      Level
   a - Summon Lightning Spire         Summoning/Air                4
   b - Airstrike                      Air                          4
   c - Silence                        Hexes/Air                    5
   d - Deflect Missiles               Charms/Air                   6
   e - Conjure Ball Lightning         Conjuration/Air              6
   f - Tornado                        Air                          9
 A - a Necronomicon

   Spells                             Type                      Level
   a - Haunt                          Necromancy/Summoning         7
   b - Borgnjor's Revivification      Necromancy                   8
   c - Death's Door                   Charms/Necromancy            8
   d - Necromutation                  Transmutation/Necromancy     8
 E - a book of Debilitation

   Spells                             Type                      Level
   a - Corona                         Hexes                        1
   b - Slow                           Hexes                        2
   c - Gell's Gravitas                Hexes/Translocation          3
   d - Inner Flame                    Hexes/Fire                   3
   e - Cause Fear                     Hexes                        4
   f - Leda's Liquefaction            Hexes/Earth                  4
Miscellaneous
 M - a fan of gales
Comestibles
 d - 3 bread rations


   Skills:
 + Level 9.0 Fighting
 - Level 14.0 Long Blades
 - Level 2.8 Throwing
 + Level 5.6 Armour
 + Level 6.2 Dodging
 + Level 5.8 Shields
 + Level 6.8 Evocations


You had 11 spell levels left.
You didn't know any spells.

Dungeon Overview and Level Annotations

Branches:
Dungeon (12/15)            Temple (1/1) D:7            Lair (4/8) D:11
    Orc (1/2) D:10
  Swamp: Lair:3-6    Shoals: Lair:3-6     Snake: Lair:3-6    Spider: Lair:3-6

Altars:
Ashenzari
Cheibriados
Fedhas
Gozag
Kikubaaqudgha
Makhleb
Nemelex Xobeh
Okawaru
Pakellas
Qazlal
Trog
Xom
Zin

Shops:
D:6 =   Lair:1 [

Annotations:
D:2 exclusion: downstairs
D:3 exclusion: downstairs
D:4 exclusion: downstairs, Dowan, Duvessa
D:5 exclusion: upstairs
D:7 exclusion: downstairs
D:8 Erolcha; Gastronok
D:10 exclusion: 2 downstairs, curty's ghost, novice NaFE
Lair:3 exclusion: oklob plant
Lair:4 Josephine
Orc:1 Maud


Innate Abilities, Weirdness & Mutations

You are small and have problems with some larger weapons.
You are somewhat resistant to further mutation.


Message History

The rime drake bites you but does no damage.
You slice the rime drake!!
You kill the rime drake!
Your Fighting skill increases to level 9!
Your fan of gales has recharged.
The ice encasing you melts away.
You see here 13 gold pieces.
You feel a strong urge to attack something.
You feel your anger subside.
You feel sick.
The boulder beetle curls into a ball and starts rolling!
You are no longer berserk.
You pass out from exhaustion.
You feel yourself slow down.
You feel sick.
You can move again.
The boulder beetle hits a rock wall.
The boulder beetle stops rolling.
The boulder beetle bites you!!
You die...
Your body crumbles into a pile of gold.

##...#####
.......#.#####
...........%.#
#####..###..##
#..## ##§.#
##.# #.§##
#..# ###$##
#P.###..?.#
#...####@##
##..# #B.##
#..# ##.#.#
##.## #....#
#..## ##.#.#
##..# #P.#.##
#...####....#
##.#..#....##
###
#...#....#..##


You could see a boulder beetle.

Vanquished Creatures
  A minotaur (Lab)
  Sonja (D:11)
  A harpy (D:9)
  2 black mambas (Lair:1)
  5 spiny frogs
  A centaur skeleton (D:11)
  3 rime drakes
  2 komodo dragons
  3 trolls
  A two-headed ogre (D:9)
  5 blink frogs (Lair:2)
  A hornet zombie (D:11)
  3 wyverns
  19 yaks
  3 wraiths (Lair:4)
  A steam dragon (D:11)
  A hippogriff (Lair:2)
  A hungry ghost (D:10)
  2 basilisks (Lair:3)
  4 water moccasins
  5 porcupines
  4 orc warriors
  A wasp (D:11)
  7 ice beasts
  A black bear (D:8)
  A necrophage (D:7)
  2 phantoms
  A tengu (D:9)
  3 ogres
  8 centaurs
  6 crocodiles
  Blork the orc (D:4)
  9 giant frogs
  A gnoll sergeant (D:10)
  A wyvern skeleton (D:5)
  A water moccasin skeleton (D:6)
  A howler monkey (D:8)
  4 wights
  2 crimson imps
  A giant frog zombie (D:7)
  A centaur zombie (D:9)
  4 hounds
  5 orc priests
  3 jellies
  2 giant frog skeletons
  3 iguanas
  6 orc wizards
  6 sheep (Lair:2)
  5 worker ants
  A hound skeleton (D:11)
  A worker ant zombie (D:9)
  A howler monkey skeleton (D:4)
  17 gnolls
  8 adders
  19 river rats
  A shadow imp (D:9)
  An ooze (D:3)
  An adder skeleton (D:9)
  An adder zombie (D:9)
  3 worms
  2 dart slugs
  3 giant geckos
  33 orcs
  6 bats
  5 giant cockroaches
  2 goblins
  4 hobgoblins
  8 jackals
  4 quokkas
  A giant newt (D:6)
  7 kobolds
  8 rats
292 creatures vanquished.

Vanquished Creatures (collateral kills)
  An unseen horror (D:11)
  2 yaks (D:11)
3 creatures vanquished.

Vanquished Creatures (others)
  A quokka (D:11)
  A fungus (Lair:2)
2 creatures vanquished.

Grand Total: 297 creatures vanquished

Notes
Turn   | Place    | Note
--------------------------------------------------------------
     0 | D:1      | Charly the Halfling Fighter began the quest for the Orb.
     0 | D:1      | Reached XP level 1. HP: 15/15 MP: 1/1
   115 | D:1      | Reached skill level 3 in Long Blades
   115 | D:1      | Reached XP level 2. HP: 15/20 MP: 2/2
   347 | D:1      | Reached XP level 3. HP: 25/25 MP: 3/3
   549 | D:2      | Reached skill level 4 in Long Blades
   549 | D:2      | Reached XP level 4. HP: 23/30 MP: 4/4
  1011 | D:3      | Reached XP level 5. HP: 25/35 MP: 5/5
  1248 | D:3      | Reached skill level 5 in Long Blades
  1408 | D:4      | Found a glowing silver altar of Zin.
  1408 | D:4      | Found a bloodstained altar of Trog.
  1426 | D:4      | Noticed a phantom
  1532 | D:4      | Noticed Duvessa
  1532 | D:4      | Noticed Dowan
  1817 | D:3      | Reached XP level 6. HP: 40/41 MP: 6/6
  2126 | D:3      | Reached skill level 6 in Long Blades
  2346 | D:3      | Charly: ??gnoll fortress
  2346 | D:3      | beem: I don't have a page labeled gnoll_fortress in my learndb.
  2433 | D:5      | Entered Level 5 of the Dungeon
  2439 | D:4      | Noticed Blork the orc
  2493 | D:5      | Found an oddly glowing altar of Pakellas.
  2517 | D:5      | Reached XP level 7. HP: 43/45 MP: 7/7
  2623 | D:4      | Killed Blork the orc
  2623 | D:4      | Reached skill level 7 in Long Blades
  2784 | D:5      | Charly: @?wyvern
  2784 | D:5      | beem: wyvern (l)
                  | Spd:
    15 | HD: 5    | HP: 22-32
                  | AC/EV: 5/10
                  | Dam: 20
                  | fly
                  | Res: magic(20)
                  | XP:
   207 | Sz: Large | Int: animal.
  2784 | D:5      | Charly: @?wyvern
  2784 | D:5      | beem: wyvern (l)
                  | Spd:
    15 | HD: 5    | HP: 22-32
                  | AC/EV: 5/10
                  | Dam: 20
                  | fly
                  | Res: magic(20)
                  | XP:
   207 | Sz: Large | Int: animal.
  2944 | D:5      | Reached skill level 8 in Long Blades
  2946 | D:5      | 8/8/9
  2994 | D:5      | Found an ancient bone altar of Kikubaaqudgha.
  3112 | D:5      | Charly: @?jelly
  3112 | D:5      | beem: jelly (J)
                  | Spd:
    10 | HD: 3    | HP: 12-19
                  | AC/EV: 0/2
                  | Dam: 3(acid:7d3)
                  | eats doors, amphibious, see invisible, unbreathing
                  | Res: magic(10), poison, acid+++, blind, drown
                  | XP:
    42 | Sz: small | Int: brainless.
  3206 | D:6      | Reached skill level 1 in Dodging
  3374 | D:6      | Found Gekhoep's Jewellery Shop.
  3385 | D:6      | Reached XP level 8. HP: 52/52 MP: 8/8
  3705 | D:7      | 8/10/9
  4066 | D:7      | Noticed a yak
  4069 | D:7      | Noticed a yak
  4074 | D:7      | Reached skill level 9 in Long Blades
  4085 | D:7      | Killed a yak
  4085 | D:7      | Reached XP level 9. HP: 56/59 MP: 9/9
  4237 | D:7      | Found an iron altar of Okawaru.
  4258 | D:7      | 8/12/10
  4508 | D:8      | Noticed Erolcha
  4799 | D:7      | Found a staircase to the Ecumenical Temple.
  4812 | D:7      | Reached skill level 5 in Fighting
  4831 | Temple   | Entered the Ecumenical Temple
  4851 | Temple   | Became a worshipper of Gozag Ym Sagoz the Greedy
  4926 | D:8      | Noticed Gastronok
  5001 | D:9      | Charly: @?gnoll sergeant
  5001 | D:9      | beem: gnoll sergeant (g)
                  | Spd:
    10 | HD: 4    | HP: 21-31
                  | AC/EV: 7/7
                  | Dam: 11
                  | weapons, items, doors, fighter
                  | Res: magic(20)
                  | XP:
    86 | Sz: Medium | Int: human.
  5068 | D:9      | Reached skill level 5 in Dodging
  5159 | D:9      | Found a glowing silver altar of Zin.
  5171 | D:9      | Noticed a two-headed ogre
  5173 | D:9      | Charly: @?two=headed ogre
  5173 | D:9      | beem: unknown monster: "two=headed ogre"
  5173 | D:9      | Charly: @?two-headed ogre
  5173 | D:9      | beem: two-headed ogre (O)
                  | Spd:
    10 | HD: 6    | HP: 27-39
                  | AC/EV: 1/4
                  | Dam: 17, 13
                  | items, doors, two-weapon
                  | Res: magic(40)
                  | XP:
   283 | Sz: Large | Int: human.
  5386 | D:9      | Reached skill level 10 in Long Blades
  5464 | D:10     | Entered Level 10 of the Dungeon
  5505 | D:9      | Found a blossoming altar of Fedhas.
  5560 | D:9      | Reached XP level 10. HP: 53/65 MP: 10/10
  5627 | D:9      | Noticed a harpy
  5627 | D:9      | an orc warrior changed into a harpy
  5628 | D:9      | Charly: @?harpy
  5628 | D:9      | beem: harpy (H)
                  | Spd:
    25 | HD: 7    | HP: 32-44
                  | AC/EV: 2/10
                  | Dam: 19, 14
                  | fly
                  | Res: magic(20), poison
                  | XP:
   622 | Sz: Medium | Int: human.
  5729 | D:10     | 9/13/10
  5803 | D:10     | Noticed curty's ghost (novice NaFE)
  5809 | D:10     | Found a staircase to the Orcish Mines.
  5885 | D:9      | Killed a harpy
  5885 | D:9      | Reached skill level 5 in Armour
  5885 | D:9      | Reached skill level 5 in Shields
  5948 | D:9      | 13/13/10
  6110 | D:11     | Found a staircase to the Lair.
  6368 | D:10     | 14/14/11
  6446 | D:6      | Bought an uncursed amulet of rage for 520 gold pieces
  6646 | Orc:1    | Entered Level 1 of the Orcish Mines
  6685 | Orc:1    | Reached skill level 1 in Evocations
  6745 | Orc:1    | Reached skill level 11 in Long Blades
  6845 | Orc:1    | Noticed Maud
  6961 | D:10     | 17/14/11
  7007 | D:10     | Found a stormy altar of Qazlal.
  7279 | D:11     | Noticed Sonja
  7289 | D:11     | Reached XP level 11. HP: 73/73 MP: 12/12
  7324 | D:11     | Got an uncursed ancient flail {flame}
  7325 | D:11     | Identified the +10 flail of Nemelex Xobeh's Hatred {flame, rElec} (You took it off a centaur on level 11 of the Dungeon)
  7399 | D:11     | Killed Sonja
  7402 | D:11     | Reached skill level 12 in Long Blades
  7478 | D:12     | Found a labyrinth entrance.
  7483 | Lab      | Entered a labyrinth
  7940 | Lab      | Noticed a minotaur
  7955 | Lab      | Killed a minotaur
  7955 | Lab      | Reached skill level 1 in Throwing
  7959 | Lab      | Got a crude lapis lazuli ring
  7965 | Lab      | Identified the ring "Sommuack" {rCorr Str+4} (You found it in a labyrinth)
  8211 | D:11     | Killed an unseen horror
  8250 | Lair:1   | Entered Level 1 of the Lair of Beasts
  8444 | Lair:1   | Found a frozen archway.
  8453 | IceCv    | Entered an ice cave
  8547 | IceCv    | Charly: @?ice dragon
  8547 | IceCv    | beem: ice dragon (D)
                  | Spd:
    10 | HD: 12   | HP: 73-106
                  | AC/EV: 10/8
                  | Dam: 17, 17(claw), 17(trample)
                  | cold-blooded, fly
                  | Res: magic(40), cold++, poison, drown
                  | Vul: fire
                  | XP: 987
                  | Sp: cold breath (3d24) [!AM, !sil, breath]
                  | Sz: Giant
                  | Int: animal.
  8722 | Lair:1   | Bought a pair of embroidered gloves for 99 gold pieces
  8722 | Lair:1   | Bought a slimy troll leather armour for 440 gold pieces
  8732 | Lair:1   | Identified the +1 troll leather armour of the Dwarven Hall {Regen+ Int+5} (You bought it in a shop on level 1 of the Lair of Beasts)
  8773 | Lair:2   | Noticed a griffon
  8817 | Lair:1   | Reached XP level 12. HP: 67/81 MP: 15/15
  8823 | Lair:1   | Reached skill level 5 in Evocations
  8921 | Lair:2   | Reached skill level 13 in Long Blades
  9448 | Lair:1   | Bought a distressingly furry scale mail for 198 gold pieces
  9458 | Lair:1   | Identified the +5 scale mail "Ymyocroh" {rF+} (You bought it in a shop on level 1 of the Lair of Beasts)
  9649 | Lair:4   | Noticed Josephine
  9663 | Lair:3   | Found a shimmering altar of Xom.
  9731 | Lair:3   | Reached skill level 14 in Long Blades
  9794 | Lair:3   | 22/14/11
  9905 | Lair:3   | Slain by a boulder beetle

Skill      XL: |  1  2  3  4  5  6  7  8  9 10 11 12 |
---------------+-------------------------------------+-----
Long Blades    | 3 4 5 6 8 9 10 11 12 14 | 14.0
Dodging        | 1 4 5 6 |  6.2
Fighting       | 3 4 5 6 7 9 |  9.0
Armour         | 4 5 |  5.6
Shields        | 4 5 |  5.8
Evocations     | 2 4 6 |  6.8
Throwing       | 2 |  2.8

Action                   |  1- 3 |  4- 6 |  7- 9 | 10-12 || total
-------------------------+-------+-------+-------+-------++-------
Melee: Long sword        |    89 |   242 |   419 |   342 ||  1092
       Dagger            |       |       |     3 |       ||     3
       Scimitar          |       |       |       |   505 ||   505
 Fire: Blowgun           |       |       |       |     6 ||     6
Throw: Throwing net      |       |     2 |     2 |     6 ||    10
Invok: Call Merchant     |       |       |       |     1 ||     1
 Abil: Evoke Berserk Rag |       |       |       |    10 ||    10
Evoke: Wand              |       |       |    12 |    50 ||    62
       Fan of gales      |       |       |       |     1 ||     1
  Use: Potion            |     1 |     1 |     3 |     1 ||     6
       Scroll            |     3 |     4 |    13 |     7 ||    27
 Stab: Held in net/web   |       |     2 |       |     2 ||     4
       Paralysed         |       |       |       |    12 ||    12
       Confused          |       |       |       |     3 ||     3
       Sleeping          |       |       |       |     2 ||     2
       Distracted        |       |       |       |     1 ||     1
  Eat: Fruit             |       |     3 |     4 |       ||     7
       Chunk             |       |     1 |     8 |       ||     9
       Bread ration      |       |     1 |       |     1 ||     2
       Beef jerky        |       |       |     1 |     6 ||     7
       Meat ration       |       |       |       |     3 ||     3
       Pizza             |       |       |       |     1 ||     1
Armor: Scale mail        |    41 |    78 |   108 |   111 ||   338
       Troll leather arm |       |       |       |    30 ||    30
Dodge: Dodged            |    38 |    64 |   165 |   315 ||   582
Block: Shield            |    40 |   103 |   210 |   380 ||   733
